 Dungeon Crawl Stone Soup version 0.22.1-2-g9c5b331383 (console) character file.

109 Kloppie the Skirmisher (level 4, -13/40 HPs)
             Began as a Ghoul Gladiator on Dec 26, 2018.
             Mangled by an ogre
             ... wielding a +0 giant spiked club
              (20 damage)
             ... on level 4 of the Dungeon.
             The game lasted 00:04:18 (2378 turns).

Kloppie the Skirmisher (Ghoul Gladiator)            Turns: 2378, Time: 00:04:18

Health: -13/40     AC:  7    Str: 18    XL:     4   Next: 89%
Magic:  3/3        EV: 11    Int:  3    God:
Gold:   177        SH:  0    Dex: 10    Spells: 3/3 levels left

rFire    . . .     SeeInvis .   a - +0 flail
rCold    + . .     Gourm    .   (no shield)
rNeg     + + +     Faith    .   q - +0 ring mail
rPois    ∞         Spirit   .   m - +0 helmet
rElec    .         Reflect  .   c - +0 cloak
rCorr    .         Harm     .   (no gloves)
MR       .....                  (no boots)
Stlth    ..........             (no amulet)
HPRegen  0.00/turn              (no ring)
MPRegen  0.08/turn              (no ring)

@: very slightly contaminated, rotting
A: rotting body, claws 1, carnivore, cold resistance 1, negative energy
resistance 3, inhibited regeneration, torment resistance, unbreathing
a: no special abilities


You were on level 4 of the Dungeon.
You were not hungry.

You visited 1 branch of the dungeon, and saw 4 of its levels.

You collected 177 gold pieces.

Inventory:

Hand Weapons
 a - a +0 flail (weapon)
Missiles
 d - 3 throwing nets (quivered)
Armour
 c - a +0 cloak (worn)
 h - a +0 chain mail
 m - a +0 helmet (worn)
 q - a +0 ring mail (worn)
Scrolls
 b - a scroll of fog {unknown}
 e - a scroll of enchant weapon {unknown}
 i - 2 scrolls of teleportation {unknown}
 j - a scroll of random uselessness {unknown}
 n - a scroll of identify {unknown}
 o - a scroll of magic mapping {unknown}
Potions
 g - a potion of curing {unknown}
 k - a potion of invisibility
 l - a potion of degeneration {unknown}
 r - a potion of brilliance {unknown}
Comestibles
 f - 3 rations


   Skills:
 + Level 4.1 Fighting
 + Level 3.9 Maces & Flails
 - Level 1.7 Throwing
 - Level 2.6 Dodging


You had 3 spell levels left.
You didn't know any spells.
Your spell library was empty.

Dungeon Overview and Level Annotations

Branches:
Dungeon (4/15)
 Temple: D:4-7

Altars:
Ashenzari
Vehumet


Innate Abilities, Weirdness & Mutations

Your body is rotting away.
You thrive on raw meat.
You are immune to poison.
You have sharp fingernails.
You are carnivorous and can eat meat at any time.
Your flesh is cold resistant. (rC+)
You are immune to negative energy. (rN+++)
You do not regenerate when monsters are visible.
You are immune to unholy pain and torment.
You can survive without breathing.


Message History

a whip; a leather armour; an orc skeleton You fade into invisibility!
You are very lightly contaminated with residual magic.
The ogre misses you.
The giant cockroach waves its antennae.
A frilled lizard comes into view.
The frilled lizard hisses angrily.
The frilled lizard hisses angrily.
There is a stone staircase leading up here.
A giant cockroach comes into view.
The frilled lizard hisses angrily.
The frilled lizard hisses angrily.
The frilled lizard barely misses you.
You flicker for a moment.
You flicker back into view.
The giant cockroach misses you.
You closely miss the giant cockroach.
The ogre hits you with a giant spiked club!!
Ouch! That really hurt!
You die...

##########
#........##
#.######..# #.#~~~
#..# #.#~8>~#..#
#.#~_.~#..#
#.#~~~~'..#
#.######..##
###..ls......#######
#.O####....[........
#..@s######.##......
##.#................
#.######........###
#.# #........# #.#
#........# #.#
####<....# #.#
#..#### #.# #..# #.#
#..# #.# #..# #.#
#.##


You could see an ogre and a giant cockroach.

Vanquished Creatures
  4 adders
  2 worms
  3 dart slugs
  2 leopard geckos
  2 orcs
  6 bats
  2 giant cockroaches
  8 goblins
  5 hobgoblins
  3 quokkas
  A ball python (D:2)
  4 frilled lizards
  5 kobolds
  13 rats
60 creatures vanquished.

Vanquished Creatures (others)
  A hound (D:4)
  An orc wizard (D:4)
  An orc (D:4)
3 creatures vanquished.

Grand Total: 63 creatures vanquished

Notes
Turn   | Place    | Note
-------+----------+-------------------------------------------
     0 | D:1      | Kloppie the Ghoul Gladiator began the quest for the Orb.
     0 | D:1      | Reached XP level 1. HP: 17/17 MP: 0/0
   141 | D:1      | Reached XP level 2. HP: 17/25 MP: 1/1
   514 | D:1      | Reached skill level 3 in Fighting
   656 | D:2      | Reached XP level 3. HP: 31/31 MP: 2/2
   968 | D:2      | Reached XP level 4. HP: 28/39 MP: 3/3
  1575 | D:3      | Reached skill level 4 in Fighting
  1595 | D:3      | Found a shattered altar of Ashenzari.
  2128 | D:4      | Found a radiant altar of Vehumet.
  2308 | D:4      | Noticed an ogre
  2378 | D:4      | Mangled by an ogre

Skill      XL: |  1  2  3  4 |
---------------+-------------+-----
Maces & Flails | 3 |  3.9
Fighting       | 3 4 |  4.1
Throwing       | |  1.7
Dodging        | |  2.6

Action                   |  1- 3 |  4- 6 || total
-------------------------+-------+-------++-------
Melee: Flail             |    84 |   100 ||   184
  Use: Potion            |       |     2 ||     2
 Stab: Invisible         |       |     1 ||     1
  Eat: Chunk             |     1 |     4 ||     5
Armor: Leather armour    |    31 |    17 ||    48
       Ring mail         |       |     8 ||     8
Dodge: Dodged            |    63 |    63 ||   126
